[ AOE2 MATCH · #478144646 ]
Team RMBritons vs Britons
[ REPLAY ANALYSIS · EXTRACTED FROM THE RECORDED GAME ]
Feudal
10:31
Castle
16:06
Imperial
27:03
| APM avg | 33.7 |
| APM peak | 107 |
| eAPM avg | 17.6 |
| Villagers / military | 102 / 208 |
Focus
⚔️ 20.5% · 🌾 79.5%
Longbowman ×117 · Spearman ×38 · Mangonel ×36 · Trade Cart ×21 · Trebuchet (Packed) ×8 · Scorpion ×7
Feudal
13:06
Castle
22:05
Imperial
36:29
| APM avg | 27.4 |
| APM peak | 79 |
| eAPM avg | 11.9 |
| Villagers / military | 173 / 175 |
Focus
⚔️ 24.9% · 🌾 75.1%
Spearman ×116 · Hussite Wagon ×57 · Trade Cart ×40 · Bombard Cannon ×2
Feudal
11:36
Castle
15:43
Imperial
32:00
| APM avg | 19.1 |
| APM peak | 100 |
| eAPM avg | 11.5 |
| Villagers / military | 95 / 73 |
Focus
⚔️ 24.9% · 🌾 75.1%
Scorpion ×60 · Trade Cart ×57 · Trebuchet (Packed) ×13
Feudal
12:30
Castle
18:11
Imperial
34:32
| APM avg | 39.3 |
| APM peak | 122 |
| eAPM avg | 18.3 |
| Villagers / military | 111 / 227 |
Focus
⚔️ 17.6% · 🌾 82.4%
Knight ×224 · Trade Cart ×46 · Trebuchet (Packed) ×3
Feudal
11:48
Castle
19:13
Imperial
34:36
| APM avg | 16.6 |
| APM peak | 33 |
| eAPM avg | 12.6 |
| Villagers / military | 169 / 249 |
Focus
⚔️ 21.5% · 🌾 78.5%
Spearman ×202 · Gbeto ×21 · Camel Scout ×21 · Trade Cart ×15 · Trebuchet (Packed) ×5
Feudal
12:40
Castle
16:37
Imperial
29:55
| APM avg | 25.4 |
| APM peak | 90 |
| eAPM avg | 14.9 |
| Villagers / military | 104 / 188 |
Focus
⚔️ 31.7% · 🌾 68.3%
Longbowman ×134 · Archer ×35 · Skirmisher ×15 · Trade Cart ×11 · Cavalry Archer ×4
Match map
Initial resources + every placement click. Lines = walls · curves = elevation contours. ◆ gold · ⬟ stone · ● berries · ✦ relic · ◌ wall gap
Your base· Open — opponent sealed themselves in
Captain Shine's base· ✓ Closed at 22:05 · 20t walls · 2 gate(s)
G0Y0's base· ✓ Closed at 15:43 · 43t walls · no gate
666's base· ✓ Closed at 18:11 · 0t walls · no gate
Mr. Nobody's base· ✓ Closed at 19:13 · 0t walls · no gate
Zetashari's base· ✓ Closed at 16:37 · 0t walls · no gate
Smoothed initial terrain · ◌ = detected wall gap · hover for details
Inputs per minute
— XxMrDeerxX - - Captain Shine
Build order — XxMrDeerxX
First 150 of 273 actions detected
| 0:05 | Build | House |
| 0:07 | Build | House |
| 0:10 | Build | House |
| 0:25 | Create | Villager (Male) |
| 0:25 | Create | Villager (Male) |
| 0:29 | Create | Villager (Male) |
| 0:31 | Research | Loom |
| 0:32 | Create | Villager (Male) |
| 1:00 | Create | Villager (Male) |
| 1:45 | Create | Villager (Male) |
| 1:57 | Create | Villager (Male) |
| 2:27 | Create | Villager (Male) |
| 2:46 | Create | Villager (Male) |
| 3:51 | Build | Mill |
| 4:02 | Create | Villager (Male) |
| 4:02 | Create | Villager (Male) |
| 4:35 | Create | Villager (Male) |
| 4:45 | Build | House |
| 4:47 | Build | Lumber Camp |
| 5:03 | Create | Villager (Male) |
| 5:03 | Create | Villager (Male) |
| 5:38 | Create | Villager (Male) |
| 5:50 | Create | Villager (Male) |
| 6:23 | Create | Villager (Male) |
| 6:45 | Create | Villager (Male) |
| 7:07 | Create | Villager (Male) |
| 8:11 | Create | Villager (Male) |
| 8:21 | Research | Feudal Age |
| 9:15 | Build | House |
| 9:48 | Create | Villager (Male) |
| 9:48 | Create | Villager (Male) |
| 9:48 | Create | Villager (Male) |
| 9:49 | Create | Villager (Male) |
| 10:31 | Age | Feudal Age |
| 10:43 | Build | Market |
| 10:49 | Build | Blacksmith |
| 11:14 | Create | Villager (Male) |
| 11:32 | Create | Villager (Male) |
| 11:54 | Build | Farm |
| 11:55 | Build | Farm |
| 11:56 | Build | Farm |
| 11:57 | Build | Farm |
| 11:59 | Build | Farm |
| 12:33 | Build | Mining Camp |
| 12:40 | Create | Villager (Male) |
| 13:26 | Research | Castle Age |
| 13:48 | Research | Double-Bit Axe |
| 14:44 | Research | Gold Mining |
| 15:43 | Build | House |
| 15:43 | Build | House |
| 15:44 | Build | House |
| 16:06 | Age | Castle Age |
| 16:08 | Build | Monastery |
| 16:17 | Research | Wheelbarrow |
| 16:23 | Build | Town Center |
| 16:32 | Create | Villager (Male) |
| 16:32 | Create | Villager (Male) |
| 16:35 | Build | Farm |
| 16:36 | Build | Farm |
| 16:44 | Create | Monk |
| 17:04 | Create | Villager (Male) ×2 |
| 17:26 | Research | Fervor |
| 18:09 | Create | Villager (Male) ×3 |
| 18:34 | Research | Horse Collar |
| 18:54 | Build | Farm |
| 19:00 | Create | Monk |
| 19:15 | Create | Villager (Male) |
| 19:18 | Build | Farm |
| 19:42 | Create | Villager (Male) |
| 19:47 | Build | Farm |
| 20:17 | Create | Villager (Male) ×3 |
| 20:20 | Build | Farm |
| 20:34 | Build | Farm |
| 20:35 | Build | Farm |
| 20:38 | Build | Farm |
| 20:42 | Create | Villager (Male) |
| 20:46 | Build | Farm |
| 21:03 | Create | Villager (Male) ×2 |
| 21:26 | Build | Barracks |
| 21:43 | Create | Villager (Male) ×2 |
| 21:45 | Build | Farm |
| 21:54 | Build | Siege Workshop |
| 22:02 | Create | Villager (Male) |
| 22:13 | Build | Town Center |
| 22:16 | Create | Villager (Male) |
| 22:49 | Build | Farm |
| 23:53 | Research | Imperial Age |
| 24:36 | Create | Villager (Male) ×4 |
| 25:32 | Build | Siege Workshop |
| 25:34 | Build | Siege Workshop |
| 26:16 | Create | Villager (Male) |
| 26:16 | Create | Villager (Male) |
| 26:32 | Build | Castle |
| 26:50 | Build | House |
| 26:51 | Build | House |
| 26:52 | Build | House |
| 26:53 | Build | House |
| 26:54 | Build | House |
| 27:03 | Age | Imperial Age |
| 27:04 | Build | University |
| 27:24 | Build | Lumber Camp |
| 27:28 | Create | Trebuchet (Packed) |
| 27:28 | Create | Trebuchet (Packed) |
| 28:01 | Research | Ballistics |
| 28:03 | Create | Villager (Male) ×5 |
| 28:03 | Create | Villager (Male) ×5 |
| 28:17 | Create | Villager (Male) |
| 28:17 | Create | Villager (Male) |
| 28:17 | Create | Villager (Male) |
| 28:35 | Research | Conscription |
| 28:46 | Build | Farm |
| 28:52 | Create | Villager (Male) ×5 |
| 29:12 | Create | Scorpion |
| 29:12 | Create | Scorpion |
| 29:12 | Create | Scorpion |
| 29:29 | Create | Trebuchet (Packed) |
| 29:35 | Build | Farm |
| 29:38 | Create | Villager (Male) ×5 |
| 29:45 | Build | Farm |
| 30:14 | Create | Longbowman |
| 30:14 | Create | Longbowman |
| 30:14 | Create | Longbowman |
| 30:17 | Create | Villager (Male) ×5 |
| 30:19 | Build | Farm |
| 30:23 | Build | Farm |
| 30:27 | Build | Farm |
| 30:32 | Create | Villager (Male) |
| 30:47 | Create | Trebuchet (Packed) |
| 31:15 | Create | Villager (Male) ×5 |
| 31:39 | Build | Farm |
| 31:41 | Build | Farm |
| 31:42 | Build | Farm |
| 31:48 | Build | Market |
| 31:49 | Build | Market |
| 31:53 | Research | Caravan |
| 31:54 | Create | Trade Cart |
| 31:54 | Create | Trade Cart |
| 32:00 | Create | Villager (Male) |
| 32:07 | Build | Lumber Camp |
| 32:09 | Create | Villager (Male) |
| 32:23 | Build | Farm |
| 32:24 | Build | Farm |
| 32:45 | Create | Scorpion ×4 |
| 32:52 | Build | Farm |
| 32:53 | Build | Farm |
| 33:15 | Build | Farm |
| 33:18 | Build | Farm |
| 33:20 | Create | Villager (Male) ×5 |
| 33:23 | Build | House |
| 33:24 | Build | House |
Build order — Captain Shine
First 150 of 260 actions detected
| 0:10 | Create | Villager (Male) ×4 |
| 0:10 | Research | Loom |
| 0:15 | Create | Villager (Male) ×3 |
| 0:15 | Create | Villager (Male) ×3 |
| 1:13 | Build | House |
| 1:14 | Build | House |
| 1:17 | Build | House |
| 1:20 | Build | House |
| 1:28 | Create | Villager (Male) |
| 1:29 | Create | Villager (Male) |
| 3:02 | Create | Villager (Male) |
| 3:02 | Create | Villager (Male) |
| 4:04 | Create | Villager (Male) |
| 4:05 | Create | Villager (Male) |
| 4:31 | Create | Villager (Male) |
| 4:32 | Create | Villager (Male) |
| 4:56 | Create | Villager (Male) |
| 4:56 | Create | Villager (Male) |
| 5:30 | Create | Villager (Male) |
| 5:31 | Create | Villager (Male) |
| 6:18 | Create | Villager (Male) |
| 6:18 | Create | Villager (Male) |
| 6:19 | Create | Villager (Male) |
| 7:22 | Create | Villager (Male) |
| 7:23 | Create | Villager (Male) |
| 8:01 | Create | Villager (Male) |
| 8:01 | Create | Villager (Male) |
| 8:02 | Create | Villager (Male) |
| 8:24 | Build | Mill |
| 8:59 | Create | Villager (Male) |
| 8:59 | Create | Villager (Male) |
| 9:00 | Create | Villager (Male) |
| 9:00 | Create | Villager (Male) |
| 9:16 | Create | Villager (Male) |
| 9:17 | Create | Villager (Male) |
| 9:29 | Build | Lumber Camp |
| 10:03 | Build | House |
| 10:04 | Build | House |
| 10:05 | Build | House |
| 10:07 | Build | House |
| 10:39 | Create | Villager (Male) ×5 |
| 10:39 | Create | Villager (Male) ×5 |
| 10:42 | Research | Feudal Age |
| 10:53 | Build | Mining Camp |
| 11:57 | Create | Villager (Male) ×5 |
| 13:06 | Age | Feudal Age |
| 13:19 | Create | Villager (Male) ×5 |
| 13:37 | Build | Farm |
| 13:39 | Build | Farm |
| 13:40 | Build | Farm |
| 13:40 | Build | Farm |
| 13:40 | Build | Farm |
| 13:41 | Build | Farm |
| 13:41 | Build | Farm |
| 13:41 | Build | Farm |
| 13:42 | Build | Farm |
| 13:42 | Build | Farm |
| 13:44 | Build | Farm |
| 13:48 | Create | Villager (Male) ×3 |
| 14:40 | Create | Villager (Male) ×4 |
| 14:41 | Create | Villager (Male) ×4 |
| 14:55 | Build | Market |
| 15:05 | Build | Blacksmith |
| 15:15 | Create | Villager (Male) ×2 |
| 15:15 | Create | Villager (Male) ×2 |
| 16:02 | Build | Farm |
| 16:03 | Build | Farm |
| 16:03 | Build | Farm |
| 16:03 | Build | Farm |
| 16:04 | Build | Farm |
| 16:30 | Create | Villager (Male) ×5 |
| 16:57 | Build | Stone Wall |
| 17:02 | Build | Stone Wall |
| 17:07 | Build | Gate |
| 17:10 | Build | Gate |
| 17:43 | Create | Villager (Male) |
| 17:47 | Create | Villager (Male) |
| 18:13 | Build | Mining Camp |
| 19:03 | Build | Farm |
| 19:05 | Build | Farm |
| 19:09 | Build | Farm |
| 19:12 | Research | Castle Age |
| 19:39 | Build | House |
| 19:40 | Build | House |
| 19:42 | Build | House |
| 19:43 | Build | House |
| 20:28 | Build | Barracks |
| 20:47 | Create | Villager (Male) ×5 |
| 20:51 | Research | Double-Bit Axe |
| 20:52 | Research | Horse Collar |
| 20:55 | Research | Forging |
| 20:56 | Research | Scale Mail Armor |
| 20:58 | Research | Fletching |
| 21:04 | Create | Trade Cart |
| 21:30 | Build | Barracks |
| 21:34 | Build | Barracks |
| 21:37 | Build | Barracks |
| 21:59 | Create | Villager (Male) ×5 |
| 22:05 | Age | Castle Age |
| 22:16 | Create | Villager (Male) ×5 |
| 22:16 | Create | Villager (Male) ×5 |
| 22:44 | Build | Town Center |
| 22:58 | Research | Pikeman (upgrade) |
| 22:58 | Research | Squires |
| 22:59 | Research | Arson |
| 23:03 | Create | Spearman ×3 |
| 23:13 | Create | Villager (Male) ×2 |
| 23:14 | Create | Villager (Male) ×2 |
| 24:47 | Build | Lumber Camp |
| 24:53 | Create | Villager (Male) ×5 |
| 24:54 | Create | Villager (Male) ×5 |
| 24:54 | Create | Villager (Male) ×5 |
| 24:54 | Create | Villager (Male) |
| 25:12 | Create | Spearman ×3 |
| 25:37 | Build | Mining Camp |
| 25:54 | Build | Farm |
| 26:34 | Build | Town Center |
| 26:37 | Create | Villager (Male) |
| 26:43 | Create | Villager (Male) |
| 26:43 | Create | Villager (Male) |
| 26:46 | Create | Villager (Male) |
| 26:46 | Create | Villager (Male) |
| 27:25 | Build | University |
| 28:04 | Build | House |
| 28:07 | Build | House |
| 28:08 | Build | House |
| 28:09 | Build | House |
| 28:16 | Build | Farm |
| 28:17 | Build | Farm |
| 28:18 | Build | Farm |
| 28:19 | Build | Farm |
| 28:19 | Build | Farm |
| 28:27 | Build | House |
| 28:29 | Build | House |
| 28:33 | Research | Fortified Wall (upgrade) |
| 28:34 | Research | Masonry |
| 28:35 | Research | Chemistry |
| 28:36 | Research | Ballistics |
| 28:43 | Create | Villager (Male) ×5 |
| 28:58 | Build | Farm |
| 28:58 | Build | Farm |
| 29:00 | Build | Farm |
| 29:07 | Research | Heavy Plow |
| 29:18 | Create | Villager (Male) ×5 |
| 29:22 | Build | Farm |
| 29:22 | Build | Farm |
| 29:22 | Build | Farm |
| 29:23 | Build | Farm |
| 30:00 | Build | Farm |
| 30:01 | Build | Farm |
Build order — G0Y0
First 150 of 206 actions detected
| 0:02 | Create | Villager (Male) |
| 0:02 | Create | Villager (Male) |
| 0:02 | Create | Villager (Male) |
| 0:04 | Build | House |
| 0:06 | Build | House |
| 0:41 | Create | Villager (Male) |
| 0:42 | Create | Villager (Male) |
| 2:05 | Create | Villager (Male) |
| 2:05 | Create | Villager (Male) |
| 2:42 | Create | Villager (Male) |
| 2:42 | Create | Villager (Male) |
| 2:42 | Create | Villager (Male) |
| 3:36 | Create | Villager (Male) |
| 3:54 | Build | Lumber Camp |
| 3:58 | Create | Villager (Male) |
| 4:13 | Create | Villager (Male) |
| 4:13 | Create | Villager (Male) |
| 4:25 | Build | House |
| 4:30 | Create | Villager (Male) |
| 4:31 | Create | Villager (Male) |
| 5:05 | Build | House |
| 5:40 | Create | Villager (Male) |
| 5:40 | Create | Villager (Male) |
| 6:08 | Create | Villager (Male) |
| 6:16 | Create | Villager (Male) |
| 6:16 | Create | Villager (Male) |
| 6:32 | Create | Villager (Male) |
| 7:49 | Create | Villager (Male) |
| 8:19 | Build | Palisade Wall |
| 8:52 | Build | Mining Camp |
| 8:56 | Create | Villager (Male) |
| 9:26 | Research | Feudal Age |
| 9:33 | Build | Mill |
| 11:00 | Build | Palisade Wall |
| 11:36 | Age | Feudal Age |
| 11:49 | Build | Farm |
| 11:50 | Build | Farm |
| 11:51 | Build | Farm |
| 11:52 | Build | Farm |
| 12:38 | Create | Villager (Male) |
| 13:03 | Research | Castle Age |
| 13:03 | Research | Castle Age |
| 13:30 | Research | Horse Collar |
| 13:36 | Research | Double-Bit Axe |
| 14:27 | Build | House |
| 14:30 | Build | House |
| 14:36 | Build | House |
| 15:43 | Age | Castle Age |
| 15:48 | Create | Villager (Male) |
| 15:50 | Create | Villager (Male) |
| 16:01 | Build | Town Center |
| 16:19 | Build | Town Center |
| 16:35 | Create | Villager (Male) |
| 16:50 | Research | Bow Saw |
| 17:11 | Create | Villager (Male) ×4 |
| 17:35 | Build | Farm |
| 17:39 | Build | Farm |
| 17:47 | Build | Farm |
| 17:48 | Create | Villager (Male) |
| 17:48 | Create | Villager (Male) |
| 18:11 | Create | Villager (Male) |
| 18:19 | Build | Farm |
| 18:29 | Build | Farm |
| 18:33 | Create | Villager (Male) |
| 18:34 | Create | Villager (Male) |
| 18:56 | Build | Farm |
| 18:57 | Build | Farm |
| 18:58 | Build | Farm |
| 18:58 | Build | Farm |
| 19:01 | Build | Farm |
| 19:06 | Create | Villager (Male) |
| 19:06 | Create | Villager (Male) |
| 19:06 | Create | Villager (Male) |
| 19:44 | Build | Stone Wall |
| 19:48 | Create | Villager (Male) ×4 |
| 20:02 | Build | Farm |
| 20:02 | Build | Farm |
| 20:03 | Build | Farm |
| 20:04 | Build | Farm |
| 20:06 | Build | Farm |
| 20:13 | Create | Villager (Male) ×2 |
| 20:25 | Build | House |
| 20:27 | Build | House |
| 20:30 | Build | House |
| 20:35 | Build | House |
| 20:36 | Build | House |
| 20:40 | Build | House |
| 20:51 | Build | Farm |
| 20:52 | Build | Farm |
| 21:00 | Create | Villager (Male) ×5 |
| 21:09 | Build | Farm |
| 21:14 | Create | Villager (Male) ×3 |
| 21:32 | Build | Farm |
| 21:35 | Create | Villager (Male) ×2 |
| 21:42 | Build | Farm |
| 21:42 | Build | Farm |
| 21:52 | Build | Stone Wall |
| 21:58 | Create | Villager (Male) ×4 |
| 22:12 | Create | Villager (Male) ×2 |
| 22:25 | Build | Lumber Camp |
| 22:52 | Create | Villager (Male) ×5 |
| 22:57 | Build | Farm |
| 22:57 | Build | Farm |
| 22:58 | Build | Farm |
| 23:00 | Build | Farm |
| 23:31 | Build | Market |
| 23:42 | Build | Market |
| 23:50 | Build | Market |
| 24:01 | Build | House |
| 24:04 | Build | House |
| 24:05 | Build | House |
| 24:06 | Build | House |
| 24:07 | Create | Villager (Male) ×5 |
| 24:17 | Build | Stone Wall |
| 24:22 | Create | Villager (Male) ×5 |
| 24:30 | Research | Gold Mining |
| 24:37 | Create | Villager (Male) ×5 |
| 25:02 | Research | Wheelbarrow |
| 25:04 | Create | Villager (Male) ×4 |
| 25:25 | Build | University |
| 25:37 | Build | House |
| 25:40 | Build | House |
| 25:41 | Build | House |
| 25:42 | Build | House |
| 25:45 | Build | House |
| 25:47 | Build | House |
| 25:49 | Build | House |
| 25:54 | Build | House |
| 25:57 | Build | House |
| 26:02 | Build | House |
| 26:04 | Build | House |
| 26:06 | Build | House |
| 26:07 | Create | Villager (Male) ×5 |
| 26:33 | Research | Masonry |
| 26:34 | Research | Fortified Wall (upgrade) |
| 26:38 | Create | Villager (Male) ×4 |
| 26:55 | Build | Farm |
| 27:50 | Build | House |
| 27:52 | Build | House |
| 27:53 | Build | House |
| 28:20 | Build | Stone Wall |
| 28:36 | Build | Castle |
| 28:50 | Research | Imperial Age |
| 29:11 | Build | Siege Workshop |
| 29:19 | Build | Siege Workshop |
| 29:23 | Build | Siege Workshop |
| 29:26 | Build | Siege Workshop |
| 29:32 | Build | Siege Workshop |
| 29:40 | Build | Siege Workshop |
| 29:43 | Build | Siege Workshop |
Build order — 666
First 150 of 359 actions detected
| 0:02 | Create | Villager (Male) |
| 0:03 | Create | Villager (Male) |
| 0:03 | Create | Villager (Male) |
| 0:04 | Build | House |
| 0:06 | Build | House |
| 1:28 | Create | Villager (Male) |
| 1:51 | Create | Villager (Male) |
| 2:02 | Build | Lumber Camp |
| 2:28 | Create | Villager (Male) |
| 2:29 | Create | Villager (Male) |
| 3:16 | Create | Villager (Male) |
| 3:33 | Build | House |
| 3:46 | Create | Villager (Male) |
| 4:02 | Create | Villager (Male) |
| 4:20 | Build | Mill |
| 4:55 | Create | Villager (Male) |
| 5:13 | Create | Villager (Male) |
| 5:26 | Create | Villager (Male) |
| 5:49 | Create | Villager (Male) |
| 6:02 | Build | House |
| 6:14 | Build | Mill |
| 6:16 | Create | Villager (Male) |
| 6:43 | Create | Villager (Male) |
| 6:50 | Create | Villager (Male) |
| 7:50 | Create | Villager (Male) |
| 7:56 | Create | Villager (Male) |
| 8:15 | Create | Villager (Male) |
| 8:26 | Build | House |
| 9:03 | Create | Villager (Male) |
| 9:20 | Build | Mining Camp |
| 9:26 | Create | Villager (Male) |
| 9:54 | Create | Villager (Male) |
| 10:17 | Research | Feudal Age |
| 11:32 | Build | House |
| 11:51 | Build | Lumber Camp |
| 12:14 | Create | Villager (Male) |
| 12:19 | Build | Barracks |
| 12:30 | Age | Feudal Age |
| 12:34 | Build | Farm |
| 12:35 | Build | Farm |
| 12:35 | Build | Farm |
| 12:35 | Build | Farm |
| 12:35 | Build | Farm |
| 12:36 | Build | Farm |
| 12:41 | Create | Villager (Male) |
| 13:02 | Build | House |
| 13:19 | Build | Blacksmith |
| 13:23 | Create | Villager (Male) |
| 13:24 | Create | Villager (Male) |
| 13:29 | Build | House |
| 13:37 | Create | Villager (Male) |
| 14:08 | Build | Market |
| 14:18 | Build | House |
| 14:20 | Create | Villager (Male) |
| 14:38 | Build | Farm |
| 14:56 | Build | House |
| 15:06 | Create | Villager (Male) |
| 15:14 | Research | Castle Age |
| 15:14 | Research | Castle Age |
| 15:18 | Build | Farm |
| 15:21 | Build | Farm |
| 15:30 | Build | House |
| 15:37 | Build | Farm |
| 15:43 | Build | Farm |
| 16:00 | Research | Double-Bit Axe |
| 16:13 | Create | Villager (Male) |
| 16:14 | Create | Villager (Male) |
| 16:18 | Build | House |
| 16:25 | Build | Farm |
| 16:26 | Build | Farm |
| 16:58 | Build | Stable |
| 17:48 | Build | Mining Camp |
| 17:59 | Build | House |
| 18:11 | Age | Castle Age |
| 18:22 | Build | Town Center |
| 18:38 | Build | House |
| 18:56 | Research | Loom |
| 19:11 | Build | House |
| 19:25 | Create | Villager (Male) |
| 19:25 | Create | Villager (Male) |
| 19:34 | Create | Villager (Male) |
| 19:35 | Create | Villager (Male) |
| 19:44 | Build | Town Center |
| 19:51 | Build | House |
| 19:52 | Create | Villager (Male) |
| 19:53 | Create | Villager (Male) |
| 19:54 | Create | Villager (Male) |
| 19:54 | Create | Villager (Male) |
| 20:18 | Create | Villager (Male) |
| 20:19 | Create | Villager (Male) |
| 20:23 | Build | House |
| 20:46 | Research | Wheelbarrow |
| 20:48 | Research | Bow Saw |
| 20:57 | Build | House |
| 21:08 | Create | Villager (Male) |
| 21:08 | Create | Villager (Male) |
| 21:09 | Create | Villager (Male) |
| 21:10 | Create | Villager (Male) |
| 21:15 | Build | Farm |
| 21:15 | Build | Farm |
| 21:17 | Build | Farm |
| 21:17 | Build | Farm |
| 21:18 | Build | Farm |
| 21:19 | Build | Farm |
| 21:20 | Build | Farm |
| 21:23 | Build | Farm |
| 21:23 | Build | Farm |
| 21:23 | Build | Farm |
| 21:24 | Build | Farm |
| 21:24 | Build | Farm |
| 21:24 | Build | Farm |
| 21:24 | Build | Farm |
| 21:34 | Build | House |
| 21:35 | Create | Villager (Male) |
| 21:36 | Create | Villager (Male) |
| 21:36 | Create | Villager (Male) |
| 21:37 | Create | Villager (Male) |
| 21:37 | Create | Villager (Male) |
| 21:38 | Create | Villager (Male) |
| 21:38 | Create | Villager (Male) |
| 21:39 | Create | Villager (Male) |
| 22:07 | Build | House |
| 22:09 | Build | House |
| 22:10 | Build | House |
| 22:12 | Build | House |
| 22:15 | Create | Villager (Male) |
| 22:15 | Create | Villager (Male) |
| 22:15 | Create | Villager (Male) |
| 22:16 | Create | Villager (Male) |
| 22:16 | Create | Villager (Male) |
| 22:17 | Create | Villager (Male) |
| 22:42 | Build | Town Center |
| 22:46 | Create | Villager (Male) |
| 22:46 | Create | Villager (Male) |
| 22:47 | Create | Villager (Male) |
| 22:47 | Create | Villager (Male) |
| 22:47 | Create | Villager (Male) |
| 23:15 | Build | Stable |
| 23:22 | Create | Villager (Male) |
| 23:22 | Create | Villager (Male) |
| 23:23 | Create | Villager (Male) |
| 23:23 | Create | Villager (Male) |
| 23:38 | Create | Villager (Male) |
| 23:39 | Create | Villager (Male) |
| 23:39 | Create | Villager (Male) |
| 23:51 | Build | Farm |
| 23:51 | Build | Farm |
| 23:52 | Build | Farm |
| 23:56 | Build | Farm |
| 24:03 | Build | Farm |
Build order — Mr. Nobody
First 150 of 448 actions detected
| 0:01 | Create | Villager (Male) |
| 0:04 | Build | House |
| 0:13 | Research | Loom |
| 0:14 | Create | Villager (Male) |
| 0:14 | Create | Villager (Male) |
| 0:14 | Create | Villager (Male) |
| 0:19 | Build | House |
| 0:43 | Build | House |
| 1:39 | Build | House |
| 1:44 | Create | Villager (Male) |
| 1:44 | Create | Villager (Male) |
| 2:14 | Create | Villager (Male) |
| 2:14 | Create | Villager (Male) |
| 2:14 | Create | Villager (Male) |
| 2:47 | Create | Villager (Male) |
| 2:47 | Create | Villager (Male) |
| 2:47 | Create | Villager (Male) |
| 3:11 | Create | Villager (Male) |
| 3:11 | Create | Villager (Male) |
| 3:36 | Create | Villager (Male) |
| 3:36 | Create | Villager (Male) |
| 3:36 | Create | Villager (Male) |
| 3:59 | Build | Mill |
| 4:19 | Create | Villager (Male) |
| 4:19 | Create | Villager (Male) |
| 4:19 | Create | Villager (Male) |
| 4:20 | Create | Villager (Male) |
| 4:45 | Create | Villager (Male) |
| 4:45 | Create | Villager (Male) |
| 4:45 | Create | Villager (Male) |
| 5:47 | Create | Villager (Male) |
| 5:47 | Create | Villager (Male) |
| 5:47 | Create | Villager (Male) |
| 6:24 | Create | Villager (Male) |
| 6:24 | Create | Villager (Male) |
| 7:27 | Create | Villager (Male) |
| 7:27 | Create | Villager (Male) |
| 8:19 | Create | Villager (Male) |
| 8:20 | Create | Villager (Male) |
| 9:07 | Build | Lumber Camp |
| 9:38 | Research | Feudal Age |
| 11:48 | Age | Feudal Age |
| 13:01 | Build | Farm |
| 13:01 | Build | Farm |
| 13:02 | Build | Farm |
| 13:02 | Build | Farm |
| 13:02 | Build | Farm |
| 13:02 | Build | Farm |
| 13:02 | Build | Farm |
| 13:04 | Build | Farm |
| 13:08 | Create | Villager (Male) |
| 13:08 | Create | Villager (Male) |
| 13:14 | Build | House |
| 13:15 | Build | House |
| 13:16 | Build | House |
| 13:17 | Build | House |
| 13:23 | Build | Mining Camp |
| 13:29 | Build | Mining Camp |
| 13:46 | Create | Villager (Male) |
| 13:46 | Create | Villager (Male) |
| 13:47 | Create | Villager (Male) |
| 14:06 | Create | Villager (Male) |
| 14:06 | Create | Villager (Male) |
| 15:05 | Build | Blacksmith |
| 15:33 | Build | Market |
| 16:33 | Research | Castle Age |
| 16:44 | Research | Stone Mining |
| 16:51 | Research | Double-Bit Axe |
| 18:43 | Create | Villager (Male) |
| 19:13 | Age | Castle Age |
| 19:19 | Build | Town Center |
| 19:29 | Create | Villager (Male) |
| 19:29 | Create | Villager (Male) |
| 19:59 | Build | Castle |
| 20:05 | Create | Villager (Male) |
| 20:05 | Create | Villager (Male) |
| 20:28 | Create | Villager (Male) |
| 20:29 | Create | Villager (Male) |
| 20:38 | Build | House |
| 20:39 | Build | House |
| 20:40 | Build | House |
| 20:41 | Build | House |
| 20:47 | Create | Villager (Male) |
| 20:47 | Create | Villager (Male) |
| 21:01 | Research | Bow Saw |
| 21:17 | Build | Barracks |
| 21:46 | Build | Lumber Camp |
| 21:49 | Create | Villager (Male) |
| 21:50 | Create | Villager (Male) |
| 21:50 | Create | Villager (Male) |
| 21:50 | Create | Villager (Male) |
| 21:53 | Create | Villager (Male) |
| 22:44 | Create | Villager (Male) |
| 22:44 | Create | Villager (Male) |
| 23:20 | Build | Town Center |
| 23:29 | Create | Villager (Male) |
| 23:29 | Create | Villager (Male) |
| 23:30 | Create | Villager (Male) |
| 23:47 | Build | University |
| 23:53 | Build | Farm |
| 23:54 | Build | Farm |
| 23:54 | Build | Farm |
| 23:55 | Build | Farm |
| 24:03 | Create | Villager (Male) |
| 24:04 | Create | Villager (Male) |
| 24:04 | Create | Villager (Male) |
| 24:04 | Create | Villager (Male) |
| 24:04 | Create | Villager (Male) |
| 24:28 | Research | Horse Collar |
| 24:36 | Build | Farm |
| 24:42 | Create | Villager (Male) |
| 24:42 | Create | Villager (Male) |
| 24:42 | Create | Villager (Male) |
| 24:56 | Build | Farm |
| 24:56 | Build | Farm |
| 24:57 | Build | Farm |
| 25:19 | Build | Castle |
| 25:25 | Create | Villager (Male) |
| 25:25 | Create | Villager (Male) |
| 25:26 | Create | Villager (Male) |
| 25:26 | Create | Villager (Male) |
| 25:26 | Create | Villager (Male) |
| 25:29 | Create | Villager (Male) |
| 25:34 | Build | Farm |
| 25:42 | Build | Farm |
| 25:50 | Build | Farm |
| 25:57 | Build | Farm |
| 25:58 | Build | Farm |
| 26:03 | Create | Villager (Male) |
| 26:03 | Create | Villager (Male) |
| 26:03 | Create | Villager (Male) |
| 26:04 | Create | Villager (Male) |
| 26:04 | Create | Villager (Male) |
| 26:20 | Build | Farm |
| 26:20 | Build | Farm |
| 26:20 | Build | Farm |
| 26:21 | Build | Farm |
| 26:21 | Build | Farm |
| 26:30 | Build | Farm |
| 26:30 | Build | Farm |
| 26:31 | Build | Farm |
| 26:31 | Build | Farm |
| 26:35 | Build | Farm |
| 26:35 | Build | Farm |
| 26:35 | Build | Farm |
| 26:36 | Build | Farm |
| 26:40 | Create | Villager (Male) |
| 26:40 | Create | Villager (Male) |
| 26:41 | Create | Villager (Male) |
| 26:41 | Create | Villager (Male) |
Build order — Zetashari
First 150 of 407 actions detected
| 0:02 | Research | Loom |
| 0:03 | Research | Loom |
| 0:06 | Create | Villager (Male) |
| 0:06 | Create | Villager (Male) |
| 0:06 | Create | Villager (Male) |
| 0:07 | Create | Villager (Male) |
| 0:08 | Build | House |
| 0:10 | Build | House |
| 1:32 | Create | Villager (Male) |
| 2:02 | Create | Villager (Male) |
| 2:06 | Build | Lumber Camp |
| 2:20 | Create | Villager (Male) |
| 2:45 | Create | Villager (Male) |
| 3:04 | Create | Villager (Male) |
| 3:35 | Build | House |
| 3:37 | Build | House |
| 3:57 | Create | Villager (Male) |
| 3:59 | Research | Loom |
| 4:27 | Build | Mill |
| 4:34 | Create | Villager (Male) |
| 4:35 | Create | Villager (Male) |
| 4:58 | Create | Villager (Male) |
| 5:23 | Build | House |
| 5:44 | Create | Villager (Male) |
| 5:51 | Create | Villager (Male) |
| 6:34 | Create | Villager (Male) |
| 7:22 | Create | Villager (Male) |
| 7:22 | Create | Villager (Male) |
| 7:28 | Build | Lumber Camp |
| 7:33 | Create | Villager (Male) |
| 8:06 | Create | Villager (Male) |
| 9:15 | Create | Villager (Male) |
| 9:39 | Create | Villager (Male) |
| 9:46 | Build | Mining Camp |
| 9:48 | Create | Villager (Male) |
| 10:13 | Research | Feudal Age |
| 12:33 | Create | Villager (Male) |
| 12:33 | Create | Villager (Male) |
| 12:40 | Age | Feudal Age |
| 12:47 | Build | Blacksmith |
| 13:01 | Build | Market |
| 13:04 | Build | House |
| 13:17 | Create | Villager (Male) |
| 13:29 | Build | Farm |
| 13:29 | Build | Farm |
| 13:29 | Build | Farm |
| 13:29 | Build | Farm |
| 13:35 | Build | Farm |
| 13:37 | Build | Farm |
| 13:43 | Create | Villager (Male) |
| 13:56 | Research | Castle Age |
| 14:12 | Build | House |
| 14:16 | Create | Villager (Male) |
| 14:16 | Create | Villager (Male) |
| 14:17 | Research | Double-Bit Axe |
| 14:25 | Research | Horse Collar |
| 14:29 | Build | Farm |
| 14:30 | Build | Farm |
| 14:30 | Build | Farm |
| 14:30 | Build | Farm |
| 14:30 | Build | Farm |
| 14:31 | Build | Farm |
| 14:31 | Build | Farm |
| 14:32 | Build | Farm |
| 14:33 | Build | Farm |
| 14:34 | Build | Farm |
| 14:59 | Build | Mining Camp |
| 16:29 | Build | Barracks |
| 16:35 | Create | Villager (Male) |
| 16:37 | Age | Castle Age |
| 16:54 | Build | Town Center |
| 17:06 | Build | Farm |
| 17:07 | Create | Villager (Male) |
| 17:47 | Create | Villager (Male) |
| 18:12 | Build | Farm |
| 18:13 | Build | Farm |
| 18:21 | Build | Farm |
| 18:30 | Create | Villager (Male) |
| 18:31 | Create | Villager (Male) |
| 18:31 | Create | Villager (Male) |
| 18:44 | Create | Villager (Male) |
| 18:49 | Build | Farm |
| 19:06 | Create | Villager (Male) |
| 19:07 | Create | Villager (Male) |
| 19:11 | Build | Farm |
| 19:14 | Build | Farm |
| 19:17 | Build | Farm |
| 19:18 | Create | Villager (Male) |
| 19:19 | Create | Villager (Male) |
| 19:32 | Research | Bow Saw |
| 19:33 | Create | Villager (Male) |
| 19:34 | Create | Villager (Male) |
| 19:49 | Build | Town Center |
| 19:51 | Create | Villager (Male) |
| 19:51 | Create | Villager (Male) |
| 20:05 | Create | Villager (Male) |
| 20:06 | Create | Villager (Male) |
| 20:07 | Create | Villager (Male) |
| 20:20 | Build | House |
| 20:24 | Build | House |
| 20:29 | Create | Villager (Male) |
| 20:39 | Create | Villager (Male) |
| 20:49 | Research | Heavy Plow |
| 20:53 | Build | Farm |
| 21:01 | Create | Villager (Male) |
| 21:02 | Create | Villager (Male) |
| 21:02 | Create | Villager (Male) |
| 21:10 | Build | Farm |
| 21:14 | Create | Villager (Male) |
| 21:19 | Build | Farm |
| 21:35 | Build | Farm |
| 21:41 | Build | Farm |
| 21:48 | Build | Farm |
| 21:53 | Create | Villager (Male) |
| 21:53 | Create | Villager (Male) |
| 21:56 | Build | Farm |
| 22:01 | Build | Farm |
| 22:08 | Build | Farm |
| 22:12 | Create | Villager (Male) |
| 22:14 | Create | Villager (Male) |
| 22:15 | Create | Villager (Male) |
| 22:16 | Create | Villager (Male) |
| 22:22 | Build | Farm |
| 22:29 | Build | Farm |
| 22:31 | Create | Villager (Male) |
| 22:36 | Build | Farm |
| 22:37 | Create | Villager (Male) |
| 22:37 | Create | Villager (Male) |
| 22:38 | Create | Villager (Male) |
| 22:48 | Build | House |
| 22:52 | Build | House |
| 22:55 | Build | House |
| 22:56 | Build | House |
| 23:00 | Build | Farm |
| 23:03 | Build | Farm |
| 23:08 | Build | Farm |
| 23:12 | Build | Farm |
| 23:14 | Create | Villager (Male) |
| 23:30 | Create | Villager (Male) |
| 23:38 | Research | Stone Mining |
| 23:41 | Research | Gold Mining |
| 23:48 | Build | Farm |
| 24:09 | Create | Villager (Male) |
| 24:10 | Create | Villager (Male) |
| 24:11 | Create | Villager (Male) |
| 24:11 | Create | Villager (Male) |
| 24:15 | Build | Farm |
| 24:19 | Build | Farm |
| 24:51 | Build | Monastery |
| 25:02 | Build | House |
Match timeline
| 8:19 | G0Y0 · wall_segment Palisade Wall x21 |
| 10:31 | XxMrDeerxX · age_up feudal |
| 11:00 | G0Y0 · wall_segment Palisade Wall x22 |
| 11:36 | G0Y0 · age_up feudal |
| 11:48 | Mr. Nobody · age_up feudal |
| 12:19 | 666 · first_building Barracks |
| 12:30 | 666 · age_up feudal |
| 12:40 | Zetashari · age_up feudal |
| 13:06 | Captain Shine · age_up feudal |
| 13:23 | XxMrDeerxX · first_market_sell 100 wood |
| 15:43 | G0Y0 · age_up castle |
| 16:06 | XxMrDeerxX · age_up castle |
| 16:08 | XxMrDeerxX · first_building Monastery |
| 16:29 | Zetashari · first_building Barracks |
| 16:37 | Zetashari · age_up castle |
| 16:57 | Captain Shine · wall_segment Stone Wall x12 |
| 16:58 | 666 · first_building Stable |
| 17:02 | Captain Shine · wall_segment Stone Wall x8 |
| 18:11 | 666 · age_up castle |
| 18:17 | 666 · first_market_buy 100 wood |
| 19:13 | Mr. Nobody · age_up castle |
| 19:36 | Zetashari · first_market_buy 100 wood |
| 19:44 | G0Y0 · wall_segment Stone Wall x21 |
| 19:59 | Mr. Nobody · first_building Castle |
| 20:28 | Captain Shine · first_building Barracks |
| 21:17 | Mr. Nobody · first_building Barracks |
| 21:26 | XxMrDeerxX · first_building Barracks |
| 21:52 | G0Y0 · wall_segment Stone Wall x11 |
| 21:54 | XxMrDeerxX · first_building Siege Workshop |
| 22:05 | Captain Shine · age_up castle |
| 23:03 | XxMrDeerxX · first_market_buy 100 food |
| 24:17 | G0Y0 · wall_segment Stone Wall x21 |
| 24:51 | Zetashari · first_building Monastery |
| 26:32 | XxMrDeerxX · first_building Castle |
| 26:37 | 666 · first_building Castle |
| 27:03 | XxMrDeerxX · age_up imperial |
| 27:04 | Zetashari · first_building Castle |
| 28:20 | G0Y0 · wall_segment Stone Wall x23 |
| 28:36 | G0Y0 · first_building Castle |
| 29:11 | G0Y0 · first_building Siege Workshop |
| 29:55 | Zetashari · age_up imperial |
| 30:50 | Zetashari · first_building Archery Range |
| 31:36 | Captain Shine · first_building Castle |
| 31:57 | Captain Shine · wall_segment Stone Wall x23 |
| 32:00 | G0Y0 · age_up imperial |
| 32:11 | Zetashari · first_market_sell 500 food |
| 34:32 | 666 · age_up imperial |
| 34:36 | Mr. Nobody · age_up imperial |
| 35:01 | Captain Shine · first_building Siege Workshop |
| 35:04 | 666 · first_market_sell 100 wood |
| 36:29 | Captain Shine · age_up imperial |
| 40:32 | Mr. Nobody · first_building Stable |
| 50:09 | XxMrDeerxX · resign |
| 50:34 | Zetashari · first_building Siege Workshop |
[ AI ANALYSIS · 1 CREDIT ]
What really happened in this match?
Wolo.gg analyzes every decision: build order, eco, micro, common mistakes by bracket. Personalized analysis on WhatsApp or Discord in 30 seconds.
Civ guide
Britons
Map guide
Amazon Tunnel
Perfil
Jugador #11579295